 Dungeon Crawl Stone Soup version 0.20-a0-151-g755e310 (webtiles) character file.

108 Faca the Shield-Bearer (level 5, 0/41 HPs)
             Began as a Formicid Fighter on Nov 22, 2016.
             Slain by Mitch's ghost (6 damage)
             ... on level 3 of the Dungeon.
             The game lasted 00:10:23 (1935 turns).

Faca the Shield-Bearer (Formicid Fighter)           Turns: 1935, Time: 00:10:24

Health: 0/41       AC:  7    Str: 20    XL:     5   Next: 12%
Magic:  5/5        EV:  8    Int:  8    God:
Gold:   182        SH:  9    Dex: 11    Spells: 4/4 levels left

rFire  . . .     SeeInvis +     a - +0 war axe
rCold  . . .     Gourm    .     b - +0 scale mail
rNeg   . . .     Faith    .     c - +0 shield
rPois  .         Spirit   .     (helmet unavailable)
rElec  .         Reflect  .     (no cloak)
rCorr  .         Harm     .     (no gloves)
MR     .....                    (no boots)
Stlth  ..........               (no amulet)
                                (no ring)
                                (no ring)

@: no status effects
A: permanent stasis, dig shafts and tunnels, four strong arms, antennae 3
a: Dig, Shaft Self


You were on level 3 of the Dungeon.
You were not hungry.

You visited 1 branch of the dungeon, and saw 3 of its levels.

You collected 182 gold pieces.

Inventory:

Hand Weapons
 a - a +0 war axe (weapon)
Armour
 b - a +0 scale mail (worn)
 c - a +0 shield (worn)
Potions
 d - 2 potions of might
 e - 2 potions of beneficial mutation {unknown}
 h - a potion of flight {unknown}
 i - a potion of resistance {unknown}
 j - a potion of curing {unknown}
Comestibles
 f - a bread ration
 g - 3 beef jerkies


   Skills:
 + Level 3.6 Fighting
 + Level 3.3 Axes
 + Level 4.0 Armour
 + Level 0.5 Dodging
 + Level 0.6 Stealth
 + Level 4.4 Shields


You had 4 spell levels left.
You didn't know any spells.

Dungeon Overview and Level Annotations

Branches:
Dungeon (3/15)

Altars:

Annotations:
D:3 Mitch's ghost, amateur HEGl


Innate Abilities, Weirdness & Mutations

You cannot be hasted, slowed, berserked, paralysed or teleported.
You can dig through walls and to a lower floor.
Your four strong arms can wield two-handed weapons with a shield.
You have a pair of large antennae on your head. (SInv)


Message History

You closely miss Mitch's ghost. You block Mitch's ghost's attack.
You closely miss Mitch's ghost. Mitch's ghost barely misses you.
Mitch's ghost hits you!
You closely miss Mitch's ghost.
Mitch's ghost hits you but does no damage.
You closely miss Mitch's ghost.
Mitch's ghost hits you but does no damage.
Mitch's ghost hits you!
You hit Mitch's ghost but do no damage. You block Mitch's ghost's attack.
You barely miss Mitch's ghost. Mitch's ghost hits you!
* * * LOW HITPOINT WARNING * * *
You closely miss Mitch's ghost. You block Mitch's ghost's attack.
Mitch's ghost makes a sound of rattling chains.
Mitch's ghost hits you.
* * * LOW HITPOINT WARNING * * *
You hit Mitch's ghost but do no damage. You block Mitch's ghost's attack.
You hit Mitch's ghost but do no damage. You block Mitch's ghost's attack.
You barely miss Mitch's ghost. You block Mitch's ghost's attack. x2
You closely miss Mitch's ghost. Mitch's ghost hits you.
You die...

#. ### #.#...
#####.##.# #######.#
#...#.##.# #...@W..#
#.#.#.##.# #.#######
##........###......#
................>#.####
#....................#
..##+#.################
#........# #....###.#
#.[..# #.#


You could see Mitch's ghost.

Vanquished Creatures
  5 adders (D:2)
  2 worms (D:2)
  10 bats
  3 giant cockroaches
  8 goblins
  4 hobgoblins
  9 jackals
  3 frilled lizards (D:2)
  3 kobolds
  8 rats
55 creatures vanquished.

Notes
Turn   | Place    | Note
-------+----------+-------------------------------------------
     0 | D:1      | Faca the Formicid Fighter began the quest for the Orb.
     0 | D:1      | Reached XP level 1. HP: 18/18 MP: 1/1
    74 | D:1      | Reached XP level 2. HP: 23/24 MP: 2/2
   259 | D:1      | Reached XP level 3. HP: 28/29 MP: 3/3
   630 | D:1      | You fall through a shaft!
   979 | D:2      | Reached XP level 4. HP: 32/35 MP: 4/4
  1260 | D:2      | Reached XP level 5. HP: 28/41 MP: 5/5
  1919 | D:3      | Noticed Mitch's ghost (amateur HEGl)
  1935 | D:3      | Slain by Mitch's ghost

Vault maps used:
D:1:      ncdulo_halloftheorcs
D:3:      nicolae_overflow_crystal_walls, uniq_robin, uniq_grinder

Skill      XL: |  1  2  3  4  5 |
---------------+----------------+-----
Shields        | 4 |  4.4
Axes           | 3 |  3.3
Armour         | 4 |  4.0
Fighting       | |  3.6
Dodging        | |  0.5
Stealth        | |  0.6

Action                   |  1- 3 |  4- 6 || total
-------------------------+-------+-------++-------
Melee: War axe           |    96 |    94 ||   190
  Use: Scroll            |     4 |     2 ||     6
  Eat: Meat ration       |       |     1 ||     1
Armor: Scale mail        |    54 |    50 ||   104
Dodge: Dodged            |    44 |    34 ||    78
Block: Shield            |    58 |    43 ||   101
